 Dungeon Crawl Stone Soup version 0.31-a0-819-gf6de2f5ab6 (webtiles) character file.

Game seed: 18277450040645767100

758 qw the Skirmisher (level 7, -10/43 HPs)
             Began as a Gargoyle Hunter on Sept 23, 2023.
             Was an Initiate of Okawaru.
             Killed by divine providence
             ... invoked by an orc priest
              (13 damage)
             ... on level 6 of the Dungeon.
             The game lasted 00:01:31 (3629 turns).

qw the Skirmisher (Gargoyle Hunter)                 Turns: 3629, Time: 00:01:32

Health: -10/43     AC: 13    Str: 20    XL:     7   Next: 80%
Magic:  7/7        EV: 11    Int: 10    God:    Okawaru [......]
Gold:   250        SH:  0    Dex: 15    Spells: 6/6 levels left

rFire   . . .        Y - +0 shortbow
rCold   + . .        (shield currently unavailable)
rNeg    + . .        e - +0 ring mail {rC+}
rPois   inf          (no helmet)
rElec   +            k - +0 cloak
rCorr   .            g - +0 pair of gloves
SInv    .            d - +0 pair of boots
Will    .....        (no amulet)
Stlth   +            j - +6 ring of strength
HPRegen 0.27/turn    (no ring)
MPRegen 0.10/turn

%: no passive effects
@: no status effects
A: sickness immunity, AC +4, negative energy resistance 1, electricity
resistance, torment resistance 1, petrification resistance
a: Renounce Religion


You were on level 6 of the Dungeon.
You worshipped Okawaru.
Okawaru was noncommittal.
You visited 2 branches of the dungeon, and saw 7 of its levels.

You collected 250 gold pieces.


Innate Abilities, Weirdness & Mutations

You are immune to sickness and miasma.
Your stone body is resilient. (AC +4)
You are immune to poison.
You resist negative energy. (rN+)
You are resistant to electric shocks. (rElec)
You are resistant to unholy torment.
You are immune to petrification.


   Skills:
 + Level 4.0 Fighting
 - Level 8.2 Ranged Weapons
 - Level 2.4 Armour
 - Level 2.0 Dodging
 - Level 1.1 Stealth


You had 6 spell levels left.
You didn't know any spells.
Your spell library was empty.

Inventory:

Hand Weapons
 Y - a +0 shortbow (weapon)
Armour
 d - a +0 pair of boots (worn)
 e - a +0 ring mail of cold resistance (worn)
 f - a +0 robe of fire resistance
 g - a +0 pair of gloves (worn)
 k - a +0 cloak (worn)
Jewellery
 j - a +6 ring of strength (left hand)
Wands
 l - a wand of digging (4)
Scrolls
 i - a scroll of identify
Potions
 a - 2 potions of enlightenment
 b - a potion of mutation
 c - a potion of haste
 n - a potion of magic {unknown}
 p - a potion of lignification {unknown}

Dungeon Overview and Level Annotations

Branches:
Dungeon (6/15)             Temple (1/1) D:5

Altars:
Ashenzari
Cheibriados
Elyvilon
Fedhas
Hepliaklqana
Kikubaaqudgha
Nemelex Xobeh
Okawaru
Qazlal
Ru
Sif Muna
Trog
Vehumet
Wu Jian
Xom
The Shining One

Annotations:
D:4 1 runed translucent door, qw's ghost, amateur GrHu


Message History

3621 ||| DRINKING potion of curing.
You feel better.
3621 ||| (to cure confusion)
3622 |||
Found retreat position at 1,-1 (floor) with 0 blocking monsters and 3 monsters attacking at destination at distance 1
3622 ||| STILL RETREEAATING.
The orc priest mumbles some strange prayers to Beogh against you.
Beogh smites you!
You shoot an arrow.
The arrow hits the orc warrior but does no damage.
The orc warrior hits you but does no damage.
You shoot an arrow.
The arrow barely misses the orc warrior.
The arrow hits the orc but does no damage.
The orc priest mumbles some strange prayers to Beogh against you.
Beogh smites you!
The orc warrior hits you with a +0 hand axe.
You shoot an arrow.
The arrow hits the orc warrior but does no damage.
The orc barely misses you.
You shoot an arrow.
The arrow closely misses the orc wizard.
The arrow barely misses the orc priest.
The orc hits you with a +0 dagger.
The orc warrior hits you with a +0 hand axe.
The orc wizard hits you but does no damage.
You shoot an arrow. The arrow hits the orc wizard.
The orc wizard is moderately wounded.
The orc hits you but does no damage.
You shoot an arrow. The arrow hits the orc wizard.
The orc wizard is heavily wounded.
The orc hits you with a +0 dagger. The orc wizard closely misses you.
You shoot an arrow.
The arrow closely misses the orc wizard.
The arrow hits the orc priest but does no damage.
The orc priest casts a cantrip, but nothing happens.
The orc hits you with a +0 dagger.
The orc warrior hits you but does no damage.
The orc wizard hits you but does no damage.
The orc priest invokes the aid of Beogh against you.
Beogh smites you!
You die...

##########
#...?.oo@#
#......oo#
#.......o+
##........#
#....<....#
#.....#.......
#.....#....###
.......##......
.......
........


You could see an orc warrior, 2 orc priests, an orc wizard and an orc.

Vanquished Creatures
  An ogre (D:5)
  A phantom (D:5)
  3 scorpions (D:4)
  3 hounds
  A sleepcap (D:4)
  A gnoll bouda (D:5)
  2 iguanas (D:5)
  10 adders
  8 gnolls (D:5)
  A white imp (D:5)
  An ufetubus (D:4)
  An orc (D:4)
  4 endoplasms
  2 giant cockroaches
  3 goblins
  6 hobgoblins
  7 kobolds
  3 quokkas
  5 ball pythons
  6 bats
  A frilled lizard (D:1)
  4 rats (D:2)
74 creatures vanquished.

Notes
Turn   | Place    | Note
-------+----------+-------------------------------------------
     0 | D:1      | qw the Gargoyle Hunter began the quest for the Orb.
     0 | D:1      | Reached XP level 1. HP: 12/12 MP: 1/1
     0 | D:1      | 0 ||| qw: Version: 0.3-a-83-gcd0e7d8
     0 | D:1      | 0 ||| qw: Game counter: 1691
     0 | D:1      | 0 ||| qw: Melee chars always use a shield: true
     0 | D:1      | 0 ||| qw: God list: Okawaru
     0 | D:1      | 0 ||| qw: Allow faded altars: false
     0 | D:1      | 0 ||| qw: Do Orc after clearing Dungeon:15 true
     0 | D:1      | 0 ||| qw: Do second Lair branch before Depths: true
     0 | D:1      | 0 ||| qw: Lair rune preference: random
     0 | D:1      | 0 ||| qw: Goals: Normal
     0 | D:1      | 0 ||| PLANNING D:1-11
   535 | D:1      | 535 ||| UPGRADING to +0 pair of boots.
   540 | D:1      | 540 ||| READING scroll labelled JODIAZ IFIUFU.
   541 | D:1      | 541 ||| DROPPING scroll of butterflies.
   624 | D:2      | Reached XP level 2. HP: 17/17 MP: 2/2
   658 | D:2      | Reached XP level 3. HP: 18/21 MP: 3/3
   765 | D:2      | Reached skill level 5 in Ranged Weapons
  1126 | D:2      | 1126 ||| UPGRADING to +0 pair of gloves.
  1131 | D:2      | 1131 ||| READING scroll labelled OTITOU QOETA.
  1132 | D:2      | 1132 ||| DRINKING 2 ruby potions.
  1487 | D:3      | Reached skill level 3 in Fighting
  1614 | D:3      | Reached XP level 4. HP: 28/28 MP: 4/4
  1749 | D:3      | 1749 ||| UPGRADING to +0 robe of fire resistance.
  1759 | D:3      | 1759 ||| READING scroll labelled ONISAA JOACS.
  1760 | D:3      | 1760 ||| READING scroll labelled ZIKAPOXK XESM.
  1761 | D:3      | 1761 ||| READING scroll labelled TEVVIYR MAVABO.
  1780 | D:3      | 1780 ||| DRINKING 2 fuming blue potions.
  1945 | D:4      | Found a runed translucent door.
  1951 | D:4      | Noticed qw's ghost (amateur GrHu)
  1993 | D:4      | Reached XP level 5. HP: 27/32 MP: 5/5
  2063 | D:4      | Reached skill level 6 in Ranged Weapons
  2275 | D:4      | Reached XP level 6. HP: 22/38 MP: 6/6
  2370 | D:4      | Found the +11 Singing Sword {sonic wave}
  2600 | D:4      | 2600 ||| DROPPING +0 leather armour.
  2601 | D:4      | 2601 ||| READING scroll labelled GEGOWN PUIME.
  2605 | D:4      | 2605 ||| DRINKING 2 silvery potions.
  2606 | D:4      | 2606 ||| DRINKING 2 red potions.
  2607 | D:4      | 2607 ||| READING 3 scrolls of identify.
  2607 | D:4      | 2607 ||| IDENTIFYING viscous red potion
  2608 | D:4      | 2608 ||| READING 2 scrolls of identify.
  2608 | D:4      | 2608 ||| IDENTIFYING amethyst potion
  2609 | D:4      | 2609 ||| DROPPING potion of brilliance.
  2610 | D:4      | 2610 ||| DROPPING potion of degeneration.
  2622 | D:5      | Entered Level 5 of the Dungeon
  2882 | D:5      | 2882 ||| FLEEEEING.
  2883 | D:5      | 2883 ||| FLEEEEING.
  2949 | D:5      | Reached skill level 7 in Ranged Weapons
  2949 | D:5      | 2949 ||| Stepping ~*~*~tactically~*~*~ (retreating).
  2952 | D:5      | 2952 ||| Stepping ~*~*~tactically~*~*~ (retreating).
  2960 | D:5      | Reached XP level 7. HP: 26/43 MP: 7/7
  2966 | D:5      | HP: 10/43 [gnoll/+0 whip[a gnoll bouda] (1)]
  2967 | D:5      | 2967 ||| DRINKING potion of heal wounds.
  3203 | D:5      | Found a staircase to the Ecumenical Temple.
  3204 | D:5      | 3204 ||| PLANNING TEMPLE
  3204 | D:5      | 3204 ||| UPGRADING to +0 ring mail of cold resistance.
  3214 | D:5      | 3214 ||| DROPPING +0 ring mail.
  3215 | D:5      | 3215 ||| UPGRADING to +6 ring of strength.
  3231 | D:5      | 3231 ||| READING scroll labelled ANWAM HIJE.
  3235 | Temple   | Entered the Ecumenical Temple
  3236 | Temple   | 3236 ||| PLANNING OKAWARU WORSHIP
  3258 | Temple   | Became a worshipper of Warmaster Okawaru
  3259 | Temple   | 3259 ||| PLANNING D:1-11
  3547 | D:5      | Reached skill level 8 in Ranged Weapons
  3606 | D:5      | 3606 ||| UPGRADING to +0 cloak.
  3611 | D:5      | 3611 ||| READING 2 scrolls of identify.
  3611 | D:5      | 3611 ||| IDENTIFYING dark potion
  3618 | D:6      | 3618 ||| RETREEAATING.
  3619 | D:6      | 3619 ||| STILL RETREEAATING.
  3620 | D:6      | 3620 ||| STILL RETREEAATING.
  3621 | D:6      | 3621 ||| DRINKING potion of curing.
  3621 | D:6      | 3621 ||| (to cure confusion)
  3622 | D:6      | 3622 ||| STILL RETREEAATING.
  3626 | D:6      | HP: 10/43 [orc/+0 dagger (2)]
  3628 | D:6      | HP: 3/43 [orc/+0 dagger (2)]
  3629 | D:6      | Killed from afar by an orc priest

Levels and vault maps discovered:
D:1:      mushboom_english_gardens, layout_loops_ring
D:2:      layout_basic
D:3:      layout_rooms, serial_corexii_hall, chequers_hall_statues_wall_a,
          corexii_hall_statues_s, corexii_hall_statues_i,
          corexii_hall_statues_s, corexii_hall_statues_s, corexii_hall_statues_x
D:4:      old_forge, layout_basic, ebering_ghost_sewer_d, minmay_close_crescents
D:5:      layout_loops_cross, minmay_temple_entry_large_hall,
          chequers_serial_rivers_small_3
D:6:      layout_basic, nicolae_gozag_zags_fifth_avenue
Temple:   nicolae_temple_elliptical

Skill      XL: |  1  2  3  4  5  6  7 |
---------------+----------------------+-----
Ranged Weapons | 5 6 7 8 |  8.2
Fighting       | 3 4 |  4.0
Armour         | 2 |  2.4
Dodging        | 2 |  2.0
Stealth        | |  1.1

Action                     |  1- 3 |  4- 6 |  7- 9 || total
---------------------------+-------+-------+-------++-------
   Fire: Shortbow          |    94 |   164 |   101 ||   359
    Use: Scroll            |     2 |     6 |     2 ||    10
         Potion            |     1 |     3 |     2 ||     6
 Armour: Leather armour    |    17 |       |       ||    17
         Robe              |       |    93 |    23 ||   116
         Ring mail         |       |       |    27 ||    27
  Dodge: Dodged            |    23 |    98 |    46 ||   167

Table legend:
 A = Non-vault XP
 B = Vault XP
 C = Vault XP percentage of total XP
 D = Non-vault monster count
 E = Vault monster count
 F = Vault count percentage of total count
                 A         B        C        D         E       F
            +---------+---------+-------+---------+---------+-------
      Total |     762 |     322 |  29.7 |      58 |      16 |  21.6
            +---------+---------+-------+---------+---------+-------
        D:1 |       9 |       0 |   0.0 |       6 |       0 |   0.0
        D:2 |      45 |       0 |   0.0 |      13 |       0 |   0.0
        D:3 |      28 |       0 |   0.0 |      10 |       0 |   0.0
        D:4 |     116 |     322 |  73.5 |      11 |      16 |  59.3
        D:5 |     564 |       0 |   0.0 |      18 |       0 |   0.0
            +---------+---------+-------+---------+---------+-------
